 Dungeon Crawl Stone Soup version 0.25-a0-583-g696c2ac64d (webtiles) character file.

Game seed: 6976551689472185311, levelgen mode: deterministic

61543 Esekla the Slicer (level 14, -1/59 HPs)
             Began as a Spriggan Artificer on Mar 8, 2020.
             Was an Initiate of Gozag.
             Slain by a death yak (22 damage)
             ... on level 6 of the Lair of Beasts.
             The game lasted 03:33:25 (26230 turns).

Esekla the Slicer (Spriggan Artificer)             Turns: 26230, Time: 03:33:30

Health: -1/59      AC:  5    Str: 12    XL:     14   Next: 61%
Magic:  20/27      EV: 31    Int: 16    God:    Gozag
Gold:   4739       SH:  0    Dex: 21    Spells: 9/30 levels left

rFire    + . .     SeeInvis +   y - +8 short sword of Ancient Evil {pain, rF+ rC+ rN+ SInv}
rCold    + + .     Gourm    .   (shield restricted)
rNeg     + . .     Faith    .   S - +1 robe "Toydon" {Regen+ Str+4 Dex+3 Stlth+}
rPois    +         Spirit   .   (helmet restricted)
rElec    .         Reflect  .   w - +1 cloak
rCorr    .         Harm     .   (gloves unavailable)
MR       ++...                  (boots unavailable)
Stlth    ++++++....             (no amulet)
HPRegen  0.59/turn              O - ring of poison resistance
MPRegen  0.20/turn              R - ring of protection from cold

@: very quick
A: very small, unfitting armour, see invisible, herbivore, speed 3, frail 1,
slow metabolism 2
a: Potion Petition, Call Merchant, Bribe Branch, Renounce Religion


You were on level 6 of the Lair of Beasts.
You worshipped Gozag.
Gozag was most pleased with you.
You were not hungry.

You visited 3 branches of the dungeon, and saw 19 of its levels.
You also visited: Bailey and Ice Cave.

You collected 6150 gold pieces.
You spent 1260 gold pieces at shops.
You paid 151 gold pieces to Gozag.

Inventory:

Hand Weapons
 p - a +4 dagger of protection
 v - a +1 short sword of distortion
 y - the +8 short sword of Ancient Evil (weapon) {pain, rF+ rC+ rN+ SInv}
   (You found it on level 4 of the Dungeon)

   In the hands of one skilled in necromantic magic, it inflicts extra damage on
   living creatures.
   It protects you from fire.
   It protects you from cold.
   It protects you from negative energy.
   It lets you see invisible.
 U - a +4 long sword
 V - a +1 trident of flaming
Missiles
 h - 47 boomerangs
 q - 48 poisoned darts (quivered)
 I - 4 boomerangs of dispersal
Armour
 w - a +1 cloak (worn)
 F - the +4 skin of Zhor {Englaciate rC+++ SInv}
   (You found it on level 10 of the Dungeon)

   It renders you almost immune to cold.
   It lets you see invisible.
 Q - a scarf of repulsion
 S - the +1 robe "Toydon" (worn) {Regen+ Str+4 Dex+3 Stlth+}
   (You found it on level 2 of the Lair of Beasts)

   It affects your strength (+4).
   It affects your dexterity (+3).
   It increases your rate of regeneration.
   It makes you more stealthy.
Jewellery
 t - an uncursed amulet of magic regeneration {unknown}
 x - an uncursed ring of ice
 C - an uncursed amulet of guardian spirit
 H - an uncursed ring of stealth
 O - a ring of poison resistance (left hand)
 R - a ring of protection from cold (right hand)
 W - a +6 ring of dexterity
Wands
 a - a wand of digging (32)
 b - a wand of clouds (2)
 c - a wand of flame (71)
 j - a wand of acid (18)
 z - a wand of iceblast (12)
 L - a wand of polymorph (10)
 X - a wand of paralysis (9)
Scrolls
 d - 4 scrolls of blinking
 k - 5 scrolls of teleportation
 u - 2 scrolls of magic mapping
 B - 2 scrolls of fog
 D - 8 scrolls of remove curse
 E - 3 scrolls of amnesia
 M - a scroll of enchant weapon
 N - 2 scrolls of identify
 T - 4 scrolls of enchant armour {unknown}
Potions
 e - 2 potions of cancellation
 g - 6 potions of flight
 i - 5 potions of curing
 l - a potion of haste
 m - a potion of resistance
 n - 2 potions of might
 o - 3 potions of ambrosia
 r - a potion of lignification
 s - a potion of invisibility
 A - 3 potions of brilliance
 J - 2 potions of berserk rage
 K - 3 potions of stabbing
 P - a potion of heal wounds
 Y - a potion of mutation {unknown}
Miscellaneous
 G - a tin of tremorstones
Comestibles
 f - 17 rations


   Skills:
 + Level 4.1 Fighting
 + Level 12.8 Short Blades
 - Level 6.1 Throwing
 + Level 12.6 Dodging
 - Level 10.6 Stealth
 * Level 8.8 Spellcasting
 * Level 5.3 Conjurations
 * Level 6.4 Necromancy
 + Level 8.6 Translocations
 * Level 9.1 Transmutations
 + Level 2.1 Fire Magic
 + Level 5.2 Air Magic
 + Level 5.4 Earth Magic
 + Level 5.8 Poison Magic
 + Level 5.9 Evocations


You had 9 spell levels left.
You knew the following spells:

 Your Spells              Type           Power        Failure   Level  Hunger
b - Blink                 Tloc           N/A          1%          2    None
c - Mephitic Cloud        Conj/Pois/Air  ###.....     3%          3    #......
d - Dispel Undead         Necr           ####....     8%          4    ###....
f - Conjure Flame         Conj/Fire      ###.....     6%          3    #......
i - Irradiate             Conj/Tmut      ####......   14%         5    #####..
m - Sublimation of Blood  Necr           ####......   1%          2    None
p - Passwall              Tmut/Erth      ####....     1%          2    None

Your spell library contained the following spells:

 Spells                   Type           Power        Failure   Level  Hunger
 Magic Dart               Conj           ###.         1%          1    None
 Sandblast                Erth           ###...       1%          1    None
 Corpse Rot               Necr/Air       N/A          1%          2    None
 Stone Arrow              Conj/Erth      ###...       3%          3    #......
 Petrify                  Tmut/Erth      ####....     4%          4    ###....
 Call Imp                 Summ           #.......     16%         2    None
 Slow                     Hex            #.......     16%         2    None
 Agony                    Necr           ####....     21%         5    #####..
 Lee's Rapid Deconstruct  Erth           ###.......   30%         5    #####..
 Hydra Form               Tmut           #####.....   36%         6    ######.
 Excruciating Wounds      Chrm/Necr      ###.......   58%         5    #####..
 Statue Form              Tmut/Erth      ####.....    61%         6    ######.
 Dragon Form              Tmut           #####.....   90%         7    #######


Dungeon Overview and Level Annotations

Branches:
Dungeon (12/15)            Temple (1/1) D:5            Lair (6/6) D:11
 Shoals (0/4) Lair:4       Spider (0/4) Lair:4        Slime (0/5) Lair:5
    Orc (0/2) D:11         Bailey (visited)           IceCv (visited)

Altars:
Cheibriados
Dithmenos
Elyvilon
Fedhas
Gozag
Hepliaklqana
Kikubaaqudgha
Makhleb
Nemelex Xobeh
Qazlal
Ru
Trog
Uskayaw
Wu Jian
Xom
Yredelemnul
Zin
The Shining One
Jiyva
Lugonu

Shops:
D:9 :

Annotations:
D:3 Grinder
Lair:3 exclusion: oklob plant


Innate Abilities, Weirdness & Mutations

You are very small and have problems with some larger weapons.
You are too small for most types of armour.
You have supernaturally acute eyesight. (SInv)
You are a herbivore.
You cover ground extremely quickly.
You need to consume almost no food.
You are frail. (-10% HP)


Message History

The deep troll shaman closely misses you.
You hit the deep troll shaman but do no damage.
The deep troll shaman writhes in agony.
The deep troll shaman is almost dead.
You closely miss the deep troll shaman.
The deep troll shaman is almost dead.
The catoblepas seems less confused.
The catoblepas looks more healthy.
The deep troll shaman misses you. The deep troll shaman claws you! x2
Casting: Mephitic Cloud (safe; 3% risk of failure)
Confirm with . or Enter, or press ? or * to list all spells.
Aiming: Mephitic Cloud (safe; 3% risk of failure)
Press: ? - help, Shift-Dir - straight line, f - death yak
Aim: a death yak (heavily wounded, extremely poisoned)
The ball explodes into a vile cloud!
The stinking cloud engulfs the death yak but does no damage.
The death yak is heavily wounded.
The death yak is engulfed in noxious fumes. x2
The death yak gores you!!
You die...
Your body crumbles into a pile of gold.

.# ..8.##♣..# .# $
#(...#.Y.# .##
#....##.(# P.#
##....##.# ..##
.#......#.# #..###
....((....## ##...###
..Y..kT§..P# #.....###
..###T○..##
##......#######@Y○§P..#
##P.÷..........##..###
##........P..######
#######.P..## ######


You could see a death yak and a deep troll shaman (confused).

Vanquished Creatures
  A frost giant (IceCv)
  Harold (D:8)
  Erolcha (D:10)
  3 hydras
  22 death yaks
  5 two-headed ogres
  3 unseen horrors
  Pikel (D:4)
  An ugly thing (D:12)
  A manticore (D:11)
  Maurice (D:10)
  A cyclops (D:11)
  7 elephants
  3 black mambas
  An ice statue (IceCv)
  A gargoyle (D:10)
  A centaur skeleton (D:11)
  9 spiny frogs
  7 rime drakes
  8 komodo dragons
  19 polar bears
  A troll (D:9)
  A hornet (D:11)
  7 hippogriffs
  A shadow (D:11)
  3 wyverns
  A spriggan (D:7)
  3 basilisks
  49 yaks
  A hungry ghost (D:10)
  A vampire mosquito (D:12)
  Grum (D:10)
  2 swamp worms (Lair:6)
  2 hell hounds (Lair:3)
  8 water moccasins
  6 porcupines
  3 black bears
  3 ice beasts
  A hornet zombie (D:11)
  6 orc warriors
  2 slaves
  3 eyes of draining (D:4)
  A sky beast (D:9)
  3 phantoms
  2 centaurs
  8 ogres
  33 wolves
  18 crocodiles
  3 big kobolds
  Blork the orc (D:5)
  20 bullfrogs
  5 jellies
  A wyvern zombie (D:12)
  7 scorpions
  4 water moccasin skeletons
  18 killer bees
  8 wights
  A howler monkey (D:4)
  5 electric eels
  6 crimson imps
  3 bullfrog zombies
  3 hounds
  2 bullfrog skeletons (D:11)
  7 orc priests
  Ijyb (D:3)
  6 iguanas (Lair:3)
  9 worker ants
  11 orc wizards
  6 hell rats (Lair:5)
  2 killer bee zombies
  A howler monkey zombie (D:10)
  2 gnolls (Bailey)
  13 adders
  A shadow imp (D:6)
  4 adder skeletons
  An adder zombie (D:8)
  2 worms
  2 dart slugs (D:2)
  4 leopard geckos
  37 orcs
  A ball python (D:5)
  4 giant cockroaches
  16 hobgoblins
  18 jackals
  5 quokkas
  9 bats
  4 frilled lizards
  11 goblins
  48 kobolds
  A quokka skeleton (D:9)
  10 rats
590 creatures vanquished.

Vanquished Creatures (others)
  A yak (IceCv)
  3 wolves (IceCv)
  A killer bee (D:11)
  2 orcs
  A kobold (D:3)
  A bush (Lair:6)
  6 fungi
  24 plants
39 creatures vanquished.

Grand Total: 629 creatures vanquished

Notes
Turn   | Place    | Note
-------+----------+-------------------------------------------
     0 | D:1      | Esekla the Spriggan Artificer began the quest for the Orb.
     0 | D:1      | Reached XP level 1. HP: 9/9 MP: 4/4
    87 | D:1      | Reached XP level 2. HP: 14/14 MP: 6/6
   360 | D:2      | Reached XP level 3. HP: 13/17 MP: 7/7
   478 | D:2      | Reached skill level 5 in Dodging
   631 | D:2      | Reached XP level 4. HP: 12/21 MP: 8/8
  1512 | D:3      | Noticed Grinder
  1882 | D:3      | Paralysed by Grinder for 5 turns
  2523 | D:3      | HP: 1/21 [Grinder/nerve-wracking pain (14)]
  2902 | D:3      | Reached XP level 5. HP: 18/25 MP: 9/9
  2917 | D:3      | Noticed Ijyb
  2965 | D:3      | Found a white marble altar of Elyvilon.
  3172 | D:3      | Killed Ijyb
  3484 | D:4      | Noticed an ogre
  3580 | D:4      | Reached XP level 6. HP: 15/29 MP: 10/10
  4172 | D:4      | Reached skill level 5 in Short Blades
  4172 | D:4      | Reached skill level 1 in Throwing
  4505 | D:4      | Got a crystal short sword
  4506 | D:4      | Identified the +8 short sword of Ancient Evil {pain, rF+
                  | rC+ rN+ SInv} (You found it on level 4 of the Dungeon)
  4753 | D:4      | Reached XP level 7. HP: 29/32 MP: 11/11
  4757 | D:4      | Found a bloodstained altar of Trog.
  4869 | D:5      | Entered Level 5 of the Dungeon
  4886 | D:5      | Noticed Blork the orc
  4898 | D:5      | Killed Blork the orc
  5290 | D:5      | Reached XP level 8. HP: 33/37 MP: 12/12
  5428 | D:5      | Found a snail-covered altar of Cheibriados.
  5467 | D:5      | Noticed Pikel
  6752 | D:7      | Reached skill level 5 in Stealth
  6754 | D:7      | Noticed a hippogriff
  6760 | D:7      | Killed a hippogriff
  6825 | D:6      | Reached XP level 9. HP: 40/40 MP: 13/13
  6983 | D:7      | Found a glowing golden altar of the Shining One.
  6998 | D:7      | Found a shadowy altar of Dithmenos.
  7195 | D:6      | Reached skill level 10 in Short Blades
  7553 | D:7      | Found a burning altar of Makhleb.
  7645 | D:7      | Reached skill level 10 in Dodging
  7702 | D:8      | Noticed Harold
  7737 | D:8      | Killed Harold
  7801 | D:8      | Found a blossoming altar of Fedhas.
  7941 | D:8      | Found an opulent altar of Gozag.
  7942 | D:8      | Found a glowing silver altar of Zin.
  7958 | D:8      | Became a worshipper of Gozag Ym Sagoz the Greedy
  8291 | D:8      | Found a sacrificial altar of Ru.
  8304 | D:8      | Reached XP level 10. HP: 30/44 MP: 14/14
  8319 | D:8      | Learned a level 2 spell: Passwall
  8746 | D:9      | Found Faem's Book Shoppe.
  8754 | D:9      | Bought a book of Minor Magic for 280 gold pieces
  8773 | D:9      | Learned a level 3 spell: Conjure Flame
  8776 | D:9      | Learned a level 2 spell: Blink
  8780 | D:9      | Learned a level 3 spell: Mephitic Cloud
  8859 | D:9      | Found a flagged portal.
  8962 | D:9      | Reached skill level 1 in Spellcasting
  8962 | D:9      | Reached skill level 1 in Transmutations
  8999 | Bailey   | Entered a bailey
  9348 | Bailey   | Reached skill level 1 in Translocations
  9810 | D:4      | Killed Pikel
  9810 | D:4      | Reached skill level 5 in Throwing
  9810 | D:4      | Reached skill level 1 in Air Magic
  9810 | D:4      | Reached skill level 1 in Earth Magic
  9810 | D:4      | Reached skill level 1 in Poison Magic
 10405 | D:5      | Found a hazy altar of Hepliaklqana.
 10414 | D:5      | Found a shimmering altar of Xom.
 10414 | D:5      | Noticed an unseen horror
 10415 | D:5      | Noticed an unseen horror
 10417 | D:5      | Found a staircase to the Ecumenical Temple.
 10710 | Temple   | Entered the Ecumenical Temple
 11076 | D:9      | Found a hide-covered altar of Uskayaw.
 11117 | D:9      | Reached skill level 1 in Conjurations
 11250 | D:9      | Reached skill level 1 in Fighting
 11517 | D:9      | Bought a book of Death for 980 gold pieces
 11520 | D:9      | Learned a level 2 spell: Sublimation of Blood
 11527 | D:9      | Found a basalt altar of Yredelemnul.
 11612 | D:9      | Noticed a two-headed ogre
 11623 | D:9      | Killed a two-headed ogre
 11623 | D:9      | Reached XP level 11. HP: 20/49 MP: 6/15
 11746 | D:9      | Noticed a two-headed ogre
 11817 | D:9      | Killed a two-headed ogre
 12160 | D:10     | Entered Level 10 of the Dungeon
 12163 | D:10     | Noticed Maurice
 12166 | D:10     | Noticed a two-headed ogre
 12194 | D:10     | Killed a two-headed ogre
 12194 | D:10     | Reached skill level 1 in Necromancy
 12196 | D:10     | Killed Maurice
 12397 | D:10     | Learned a level 4 spell: Dispel Undead
 12689 | D:10     | Noticed a two-headed ogre
 12702 | D:10     | Killed a two-headed ogre
 12936 | D:10     | Found the +4 skin of Zhor {Englaciate rC+++ SInv}
 12974 | D:10     | Noticed Grum
 12979 | D:10     | Killed Grum
 13356 | D:10     | Noticed Erolcha
 13367 | D:10     | Killed Erolcha
 14740 | D:11     | Reached skill level 5 in Translocations
 14754 | D:11     | Found a staircase to the Orcish Mines.
 15028 | D:11     | Found a staircase to the Lair.
 15028 | D:11     | Noticed an unseen horror
 15070 | D:11     | Killed an unseen horror
 15121 | D:11     | Noticed an unseen horror
 15210 | D:11     | Killed an unseen horror
 15210 | D:11     | Reached XP level 12. HP: 54/54 MP: 12/19
 15354 | D:12     | Noticed a two-headed ogre
 15455 | D:12     | Reached skill level 5 in Transmutations
 15597 | D:12     | Reached skill level 5 in Spellcasting
 15598 | D:12     | Killed a two-headed ogre
 16442 | Lair:1   | Entered Level 1 of the Lair of Beasts
 16879 | Lair:1   | Found a sacrificial altar of Ru.
 16999 | D:11     | Reached skill level 1 in Fire Magic
 17175 | Lair:1   | HP: 1/56 [komodo dragon (13)]
 17922 | Lair:1   | Learned a level 5 spell: Irradiate
 18306 | Lair:2   | Noticed a six-headed hydra
 18330 | Lair:2   | Killed a six-headed hydra
 18558 | Lair:2   | Got a wizard robe
 18569 | Lair:2   | Identified the +1 robe "Toydon" {Regen+ Str+4 Dex+3 Stlth+}
                  | (You found it on level 2 of the Lair of Beasts)
 19104 | Lair:2   | Noticed a six-headed hydra
 19120 | Lair:2   | Killed a six-headed hydra
 19120 | Lair:2   | Reached XP level 13. HP: 35/59 MP: 12/24
 19451 | Lair:3   | Found a frozen archway.
 19511 | IceCv    | Entered an ice cave
 20179 | IceCv    | Reached skill level 5 in Poison Magic
 20426 | IceCv    | Reached skill level 5 in Earth Magic
 20487 | IceCv    | Reached skill level 5 in Evocations
 20723 | IceCv    | Noticed a frost giant
 20750 | IceCv    | Killed a frost giant
 21399 | Lair:3   | Reached skill level 10 in Stealth
 21399 | Lair:3   | Reached skill level 5 in Necromancy
 22343 | Lair:4   | Found a staircase to the Shoals.
 22599 | Lair:4   | Reached skill level 5 in Air Magic
 23272 | D:10     | Gained mutation: You are frail. (-10% HP) [mutagenic glow]
 23987 | Lair:4   | Found a hole to the Spider Nest.
 23991 | Lair:4   | Reached XP level 14. HP: 58/58 MP: 26/26
 24587 | Lair:5   | Found a staircase to the Slime Pits.
 24587 | Lair:5   | Found a viscous altar of Jiyva.
 24929 | Lair:6   | Entered Level 6 of the Lair of Beasts
 25536 | Lair:6   | Reached skill level 5 in Conjurations
 26230 | Lair:6   | Slain by a death yak

Levels and vault maps discovered:
D:1:      minmay_arrival_glassed_features, layout_loops_cross
D:2:      layout_basic, st_stairs_13
D:3:      layout_basic, elyvilon_altar_4, uniq_grinder, uniq_ijyb
D:4:      layout_loops_ring, trog_eyes_of_draining, glass_columns_a,
          minivault_14
D:5:      layout_loops_ring, regret_index_temple_of_mockery,
          kennysheep_little_box, temple_statues, first_ration, st_stairs_3,
          uniq_pikel, uniq_blork_the_orc
D:6:      layout_gridville
D:7:      layout_rooms, lemuel_doored_altar, lemuel_coloured_pillars_altar,
          lemuel_crystal_altar, the_bakery, nrook_mini_backslash
D:8:      layout_cave_pods, grunt_temple_overflow_gold_and_silver,
          lemuel_crystal_altar, fedhas_altar_4, uniq_harold
D:9:      layout_loops_corners, nicolae_overflow_crystal_walls,
          nicolae_overflow_hidden_temple, enter_bailey_8, serial_shops,
          nicolae_shop_temple_entry_statues_fountains
D:10:     layout_grid_maze, st_stairs_4, serial_park_tiny_1, uniq_erolcha,
          uniq_grum, uniq_maurice
D:11:     minmay_evil_eye, layout_basic, david_lair_shrubbed, orc_0_dummy,
          hangedman_decor_peaks_small
D:12:     layout_long_grid, minmay_mirror_moons_of_madness, uniq_kirke
Temple:   corrupted_temple
Lair:1:   layout_chaotic_city, basic_altar, beast_lair_carwin_9,
          lemuel_fruit_fields, infiniplex_staircase_pool_2
Lair:2:   layout_regular_city, serial_bayou_pond_c, grunt_megastairs_3
Lair:3:   beast_lair_carwin_large_3, layout_gridlike, enter_volcano_3,
          portal_ice_cave_rime, minmay_holes, serial_bayou_ford_a,
          grunt_forest_stairs_basic
Lair:4:   layout_concentric_octagons, elwin_shoals_entry_rocks,
          dummy_spider_entry
Lair:5:   layout_gridlike, slime_altar_1, serial_bayou_pond_b
Lair:6:   grunt_lair_end_beastmaster, layout_small_grid, worms_lemuel

Skill      XL: |  1  2  3  4  5  6  7  8  9 10 11 12 13 14 |
---------------+-------------------------------------------+-----
Dodging        | 4 5 6 7 8 9 10 11 12 | 12.6
Short Blades   | 2 3 4 5 7 9 11 12 | 12.8
Stealth        | 2 3 5 7 8 9 10 | 10.6
Throwing       | 1 3 4 5 6 |  6.1
Spellcasting   | 2 4 6 7 8 |  8.8
Transmutations | 3 4 6 7 9 |  9.1
Translocations | 3 5 6 8 |  8.6
Air Magic      | 2 3 4 5 |  5.2
Earth Magic    | 2 3 4 5 |  5.4
Poison Magic   | 2 3 4 5 |  5.8
Conjurations   | 1 2 3 4 5 |  5.3
Fighting       | 1 2 3 4 |  4.1
Necromancy     | 2 4 5 6 |  6.4
Fire Magic     | 1 2 |  2.1
Evocations     | 5 |  5.9

Action                   |  1- 3 |  4- 6 |  7- 9 | 10-12 | 13-15 || total
-------------------------+-------+-------+-------+-------+-------++-------
Melee: Dagger            |   189 |   322 |     5 |       |       ||   516
       Short sword       |       |    27 |   320 |   778 |   861 ||  1986
       Trident           |       |       |       |    12 |       ||    12
Throw: Boomerang         |       |    11 |    10 |   125 |   106 ||   252
       Dart              |       |    10 |    37 |   160 |   122 ||   329
 Cast: Blink             |       |       |       |    14 |     1 ||    15
       Mephitic Cloud    |       |       |       |    32 |    29 ||    61
       Conjure Flame     |       |       |       |    41 |    17 ||    58
       Dispel Undead     |       |       |       |     2 |       ||     2
       Irradiate         |       |       |       |       |     2 ||     2
Evoke: Wand              |       |    15 |       |       |     4 ||    19
  Use: Scroll            |       |     5 |     4 |    10 |     5 ||    24
       Potion            |       |       |     1 |     3 |     5 ||     9
 Stab: Sleeping          |     2 |     9 |    14 |    25 |    17 ||    67
       Distracted        |       |       |     1 |    13 |    13 ||    27
       Invisible         |       |       |     1 |       |       ||     1
       Confused          |       |       |       |    25 |    30 ||    55
  Eat: Ration            |       |     1 |     2 |    10 |     6 ||    19
Armor: Robe              |    37 |    32 |    13 |    22 |     6 ||   110
       Skin              |       |       |       |     5 |       ||     5
       Animal skin       |       |       |       |       |    23 ||    23
Dodge: Dodged            |   154 |   245 |   184 |   480 |   445 ||  1508
       Deflected         |       |       |       |     8 |       ||     8

Table legend:
 A = Non-vault XP
 B = Vault XP
 C = Vault XP percentage of total XP
 D = Non-vault monster count
 E = Vault monster count
 F = Vault count percentage of total count
                 A         B        C        D         E       F
            +---------+---------+-------+---------+---------+-------
      Total |   53285 |   34634 |  39.4 |     430 |     161 |  27.2
            +---------+---------+-------+---------+---------+-------
        D:1 |      42 |       0 |   0.0 |      27 |       0 |   0.0
        D:2 |     103 |       4 |   3.7 |      29 |       2 |   6.5
        D:3 |     111 |      40 |  26.5 |      23 |       2 |   8.0
        D:4 |     565 |     981 |  63.5 |      18 |       6 |  25.0
        D:5 |     515 |     146 |  22.1 |      12 |       2 |  14.3
        D:6 |    1137 |       0 |   0.0 |      28 |       0 |   0.0
        D:7 |     930 |     205 |  18.1 |      18 |       1 |   5.3
        D:8 |    1267 |    1028 |  44.8 |      22 |       1 |   4.3
        D:9 |    4574 |       0 |   0.0 |      51 |       0 |   0.0
       D:10 |    3439 |    2020 |  37.0 |      26 |       8 |  23.5
       D:11 |    5411 |    1350 |  20.0 |      51 |       6 |  10.5
       D:12 |    2183 |    2129 |  49.4 |      10 |       7 |  41.2
     Lair:1 |    3373 |    1486 |  30.6 |      18 |       5 |  21.7
     Lair:2 |    4186 |    1862 |  30.8 |      14 |       6 |  30.0
     Lair:3 |     982 |    3224 |  76.7 |       8 |      14 |  63.6
     Lair:4 |    8847 |       0 |   0.0 |      28 |       0 |   0.0
     Lair:5 |    2818 |     796 |  22.0 |      20 |       2 |   9.1
     Lair:6 |   12802 |    6799 |  34.7 |      27 |      17 |  38.6
     Bailey |       0 |     723 | 100.0 |       0 |      32 | 100.0
      IceCv |       0 |   11841 | 100.0 |       0 |      50 | 100.0
            +---------+---------+-------+---------+---------+-------
